 Dungeon Crawl Stone Soup version 0.25.1-3-ge44b62a0b3 (webtiles) character file.

Game seed: 17170321503119840133

69 Glamhuggeren the Cutter (level 4, 0/34 HPs)
             Began as a Demonspawn Gladiator on Nov 23, 2020.
             Killed by divine providence
             ... invoked by an orc priest
              (15 damage)
             ... on level 2 of the Dungeon.
             The game lasted 00:05:09 (1752 turns).

Glamhuggeren the Cutter (Demonspawn Gladiator)      Turns: 1752, Time: 00:05:10

Health: 0/34       AC: 11    Str: 14    XL:     4   Next: 2%
Magic:  4/4        EV: 16    Int: 10    God:
Gold:   75         SH:  0    Dex: 15    Spells: 3/3 levels left

rFire    . . .     SeeInvis .   a - +1 dagger (protect)
rCold    . . .     Gourm    .   (no shield)
rNeg     + . .     Faith    .   i - +0 leather armour (curse)
rPois    .         Spirit   .   c - +0 helmet
rElec    .         Reflect  .   (no cloak)
rCorr    .         Harm     .   (no gloves)
MR       .....                  (no boots)
Stlth    +.........             (no amulet)
HPRegen  0.11/turn              q - ring of positive energy
MPRegen  0.09/turn              (no ring)

@: lethally poisoned (0 -> -10), protection aura
A: repulsion field 2, powered by pain 1
a: no special abilities


You were on level 2 of the Dungeon.
You were not hungry.

You visited 1 branch of the dungeon, and saw 2 of its levels.

You collected 75 gold pieces.

Inventory:

Hand Weapons
 a - a +1 dagger of protection (weapon)
 g - a +0 rapier
 h - a +0 hunting sling
 v - a +0 dagger of venom
Missiles
 b - 22 poisoned darts
 d - 3 throwing nets (quivered)
 e - 49 stones
 p - 6 boomerangs
Armour
 c - a +0 helmet (worn)
 i - a cursed +0 leather armour (worn)
Jewellery
 q - a ring of positive energy (left hand)
Scrolls
 j - 2 scrolls of amnesia {unknown}
 m - 3 scrolls of magic mapping {unknown}
 n - a scroll of teleportation {unknown}
 r - a scroll of enchant weapon {unknown}
 t - 2 scrolls of identify {unknown}
 u - a scroll of fear {unknown}
Potions
 k - a potion of lignification {unknown}
 o - a potion of brilliance {unknown}
 s - a potion of curing {unknown}
Comestibles
 f - 3 rations
 l - 4 chunks of flesh


   Skills:
 + Level 2.8 Fighting
 * Level 3.7 Short Blades
 - Level 2.0 Throwing
 - Level 3.0 Dodging


You had 3 spell levels left.
You didn't know any spells.
Your spell library was empty.

Dungeon Overview and Level Annotations

Branches:
Dungeon (2/15)

Altars:


Innate Abilities, Weirdness & Mutations

You are surrounded by a moderate repulsion field. (EV +3)
You sometimes gain a little power by taking damage.


Message History

The orc wizard is lightly wounded.
The orc hits you but does no damage.
The orc priest invokes the aid of Beogh against you.
Beogh smites you! The orc hits you but does no damage.
The orc priest calls upon Beogh to heal the orc wizard.
The orc wizard's wounds heal themselves!
The orc wizard misses you.
You hit the orc wizard.
The orc wizard is lightly wounded.
The orc barely misses you. The orc closely misses you.
The orc barely misses you.
You hit the orc wizard but do no damage.
The orc wizard is lightly wounded.
The orc wizard points at you and mumbles some strange words.
The puff of flame hits you. The orc misses you. The orc closely misses you.
The orc hits you but does no damage.
You are poisoned.
The orc priest mumbles some strange prayers to Beogh against you.
Beogh smites you!
You die...

#### !.. .. ###.
######.######[...
...............#
......oo......#
.....oo@......# #
......oo......# .#
..
.........%.†..##.#
.#
..............#.#
##
........>......#
######.######.##
... ####.# #.###
#....# # #.####


You could see 2 orc priests, an orc wizard and 3 orcs.

Vanquished Creatures
  An adder (D:2)
  2 worms (D:2)
  3 dart slugs (D:1)
  4 leopard geckos
  3 bats
  3 giant cockroaches
  4 goblins
  3 hobgoblins (D:1)
  4 jackals (D:2)
  2 quokkas (D:2)
  7 kobolds
  6 rats
42 creatures vanquished.

Notes
Turn   | Place    | Note
-------+----------+-------------------------------------------
     0 | D:1      | Glamhuggeren the Demonspawn Gladiator began the quest for
                  | the Orb.
     0 | D:1      | Reached XP level 1. HP: 16/16 MP: 1/1
   112 | D:1      | Gained mutation: You are surrounded by a mild repulsion
                  | field. (EV +2) [demonic ancestry]
   112 | D:1      | Reached XP level 2. HP: 22/22 MP: 2/2
   741 | D:1      | Gained mutation: You are surrounded by a moderate repulsion
                  | field. (EV +3) [demonic ancestry]
   741 | D:1      | Reached XP level 3. HP: 28/28 MP: 3/3
  1705 | D:2      | Gained mutation: You sometimes gain a little power by
                  | taking damage. [demonic ancestry]
  1705 | D:2      | Reached XP level 4. HP: 30/34 MP: 4/4
  1752 | D:2      | Killed from afar by an orc priest

Illustrated notes

Levels and vault maps discovered:
D:1:      dpeg_arrival_orchard, layout_loops_ring
D:2:      cheibrodos_pilgrimage, layout_loops_ring

Skill      XL: |  1  2 |
---------------+-------+-----
Throwing       | 2 |  2.0
Short Blades   | 3 |  3.7
Dodging        | 3 |  3.0
Fighting       | |  2.8

Action                   |  1- 3 |  4- 6 || total
-------------------------+-------+-------++-------
Melee: Rapier            |    50 |       ||    50
       Dagger            |   166 |     9 ||   175
 Stab: Sleeping          |     1 |       ||     1
  Eat: Chunk             |     3 |       ||     3
Armor: Leather armour    |    66 |     4 ||    70
Dodge: Dodged            |   146 |    11 ||   157
